 Dungeon Crawl Stone Soup version 0.22-a0-580-gd5db89c (webtiles) character file.

6 Amnesiac the Sneak (level 1, 0/13 HPs)
             Began as a Spriggan Wanderer on July 3, 2018.
             Slain by a kobold
             ... wielding a cursed -1 short sword
              (5 damage)
             ... on level 1 of the Dungeon.
             The game lasted 00:00:35 (205 turns).

Amnesiac the Sneak (Spriggan Wanderer)               Turns: 205, Time: 00:00:36

Health: 0/13       AC:  2    Str: 14    XL:     1   Next: 75%
Magic:  0/4        EV: 15    Int: 13    God:
Gold:   32         SH:  0    Dex: 14    Spells: 4/4 levels left

rFire    . . .     SeeInvis +   a - +2 dagger
rCold    . . .     Gourm    .   (shield restricted)
rNeg     . . .     Faith    .   e - +0 robe
rPois    .         Spirit   +   (helmet restricted)
rElec    .         Reflect  .   (no cloak)
rCorr    .         Harm     .   (gloves unavailable)
MR       .....                  (boots unavailable)
Stlth    ..........             d - amulet of guardian spirit
HPRegen  0.04/turn              (no ring)
MPRegen  0.09/turn              (no ring)

@: berserking, very quick
A: very small, unfitting armour, see invisible, herbivore, speed 3, slow
metabolism 2
a: no special abilities


You were on level 1 of the Dungeon.
You were not hungry.

You visited 1 branch of the dungeon, and saw 2 of its levels.

You collected 32 gold pieces.

Inventory:

Hand Weapons
 a - a +2 dagger (weapon)
 c - a +0 falchion
Armour
 e - a +0 robe (worn)
Jewellery
 d - an amulet of guardian spirit (around neck)
Comestibles
 f - a ration


   Skills:
 - Level 1.0 Throwing
 - Level 3.0 Stealth
 - Level 1.5 Unarmed Combat
 + Level 2.4 Spellcasting
   Level 2.1 Conjurations
   Level 1.0 Poison Magic


You had 4 spell levels left.
You didn't know any spells.
Your spell library contained the following spells:

 Spells                   Type           Power        Failure   Level  Hunger
 Mephitic Cloud           Conj/Pois/Air  #.......     43%         3    ###....
 Sting                    Conj/Pois      #...         13%         1    #......


Dungeon Overview and Level Annotations

Branches:
Dungeon (2/15)

Altars:


Innate Abilities, Weirdness & Mutations

You are very small and have problems with some larger weapons.
You are too small for most types of armour.
You have supernaturally acute eyesight. (SInv)
You are a herbivore.
You cover ground extremely quickly.
You need to consume almost no food.


Message History

You swing at nothing.
You hit the ooze.
The ooze is lightly wounded.
The ooze hits you.
You barely miss the ooze.
The ooze is lightly wounded.
The ooze hits you.
You hit the ooze.
The ooze is lightly wounded.
The ooze misses you.
You hit the ooze.
The ooze is heavily wounded.
The ooze hits you but does no damage.
You hit the ooze.
The ooze is severely wounded.
The ooze closely misses you.
You hit the ooze.
You kill the ooze!
Your Spellcasting skill increases to level 2!
You start resting.
HP restored.
Found 8 gold pieces.
d - a triangular jasper amulet Put on which piece of jewellery? (? for menu, Esc to quit)
You feel your power drawn to a protective spirit.
d - an amulet of guardian spirit (around neck)
You now have 32 gold pieces (gained 8).
A gnoll comes into view.
A gnoll is nearby!
You start resting.
Magic restored.
You start resting.
Magic restored. 2 gnolls come into view.
The gnoll shouts!
You hear a shout!
You open the door.
An adder comes into view.
The adder hisses angrily.
Found a stone staircase leading up.
There is an open door here.
A giant cockroach comes into view.
The adder closely misses you.
There is a stone staircase leading up here.
The adder bites you but does no damage.
You climb upwards.
There is a stone staircase leading down here.
The kobold shouts!
The kobold closely misses you.
You barely miss the kobold. The kobold misses you.
You hit the kobold but do no damage. The adder bites you.
The kobold closely misses you. The adder bites you.
You hit the kobold but do no damage. The adder misses you.
The kobold misses you.
Unknown command.
Really quaff
b - a potion of berserk rage {!q}?
A red film seems to cover your vision as you go berserk!
You feel yourself moving faster!
You feel mighty! The adder bites you.
* * * LOW HITPOINT WARNING * * *
The kobold barely misses you.
You barely miss the adder. The adder barely misses you.
You puncture the adder!
The adder is severely wounded.
The kobold hits you with a short sword.
You die...

######## # ### ###
#.[ ..#
#.#########
#.######.#...>...#
#..........#####.#
#..#####.#.# #.#
...........# #S#
....####.#.# #@#
...## #.#.# #K#
#..# #.#........
#..# #.#####...##
.... ##.# ##.##
###. #..# #. #..#
#. #.># #. #..#


You could see an adder and a kobold.

Vanquished Creatures
  An ooze (D:2)
  A bat (D:2)
2 creatures vanquished.

Notes
Turn   | Place    | Note
-------+----------+-------------------------------------------
     0 | D:1      | Amnesiac the Spriggan Wanderer began the quest for the Orb.
     0 | D:1      | Amnesiac set off with: a +2 dagger, a potion of berserk rage {!q}, a +0 falchion, a +0 robe, a ration
     0 | D:1      | Reached XP level 1. HP: 9/9 MP: 3/3
   205 | D:1      | Slain by a kobold

Vault maps used:
D:1:      tarquinn_simple_flora_water_f, minmay_pentomino_p2
D:2:      old_standard_altar, nicolae_gozag_seed_capital,
          chequers_temple_overflow_statue_of_worship, first_ration,
          okawaru_gym_becter

Skill      XL: |  1 |
---------------+----+-----
Spellcasting   | 2 |  2.4
Throwing       | |  1.0
Stealth        | |  3.0
Unarmed Combat | |  1.5
Conjurations   | |  2.1
Poison Magic   | |  1.0

Action                   || total
-------------------------++-------
Melee: Dagger            ||    12
  Use: Potion            ||     1
 Stab: Sleeping          ||     1
Armor: Robe              ||     2
Dodge: Dodged            ||    10

Table legend:
 A = Spawn XP
 B = Non-spawn XP
 C = Spawn XP percentage of total XP
 D = Spawn monster count
 E = Non-spawn monster count
 F = Spawn count percentage of total count
 G = Total turns spent on level
                    A         B        C        D         E        F      G
               +---------+---------+-------+---------+---------+-------+---------
         Total |       0 |       9 |   0.0 |       0 |       2 |   0.0 |   205
               +---------+---------+-------+---------+---------+-------+---------
           D:2 |       0 |       9 |   0.0 |       0 |       2 |   0.0 |   151
               +---------+---------+-------+---------+---------+-------+---------
